 Dungeon Crawl Stone Soup version 0.20-a0-1127-g1289703 (webtiles) character file.

1054 Alarkh the Cleaver (level 8, 60/60 HPs)
             Began as a Demonspawn Monk on May 18, 2017.
             Got out of the dungeon alive.
             The game lasted 00:05:48 (6067 turns).

Alarkh the Cleaver (Demonspawn Monk)                Turns: 6067, Time: 00:05:48

Health: 60/60      AC:  6    Str: 13    XL:     8   Next: 5%
Magic:  8/8        EV: 13    Int: 13    God:
Gold:   204        SH:  0    Dex: 15    Spells: 7/7 levels left

rFire    . . .     SeeInvis .   a - +0 hand axe
rCold    . . .     Gourm    .   (no shield)
rNeg     + . .     Faith    .   u - +0 leather armour (curse)
rPois    .         Spirit   .   o - +0 helmet
rElec    .         Reflect  .   (no cloak)
rCorr    .         Harm     .   (no gloves)
MR       .....                  (no boots)
Stlth    ++........             (no amulet)
Regen    0.2/turn               (no ring)
MPRegen  0.2/turn               n - ring of positive energy

@: no status effects
A: yellow scales 1, demonic guardian 2, powered by death 2
a: no special abilities


You escaped.
You were hungry.

You visited 1 branch of the dungeon, and saw 5 of its levels.

You collected 204 gold pieces.

Inventory:

Hand Weapons
 a - a +0 hand axe (weapon)
Armour
 b - a +0 robe
 o - a +0 helmet (worn)
 u - a cursed +0 leather armour (worn)
Jewellery
 k - an uncursed ring of teleportation
 n - a ring of positive energy (right hand)
Scrolls
 e - a scroll of identify
 g - 2 scrolls of fog
 i - a scroll of amnesia
 l - 7 scrolls of teleportation
 m - a scroll of enchant armour {unknown}
 q - 3 scrolls of remove curse
 s - a scroll of fear {unknown}
 t - a scroll of blinking {unknown}
 v - a scroll of magic mapping {unknown}
 x - a scroll of enchant weapon {unknown}
Potions
 f - a potion of curing
 p - a potion of magic
Books
 r - a book of Maledictions

   Spells                             Type                      Level
   a - Corona                         Hexes                        1
   b - Ensorcelled Hibernation        Hexes/Ice                    2
   c - Confuse                        Hexes                        3
   d - Tukima's Dance                 Hexes                        3
   e - Dazzling Spray                 Conjuration/Hexes            3
Comestibles
 c - 4 bread rations
 d - 2 meat rations
 j - a royal jelly
 w - a fruit


   Skills:
 - Level 3.8 Fighting
 + Level 8.5 Axes
 - Level 3.4 Dodging
 - Level 1.7 Stealth


You had 7 spell levels left.
You didn't know any spells.

Dungeon Overview and Level Annotations

Branches:
Dungeon (5/15)
 Temple: D:4-7

Altars:
Elyvilon
Sif Muna
Wu Jian


Innate Abilities, Weirdness & Mutations

You are partially covered in yellow scales. (AC +2)
A demonic guardian rushes to your aid.
You regenerate health from kills.


Message History

The kobold is moderately wounded.
The kobold barely misses you.
You hit the kobold but do no damage.
The kobold is moderately wounded.
The kobold barely misses you.
You are feeling hungry.
You hit the kobold but do no damage.
The kobold is moderately wounded.
You hit the kobold.
You kill the kobold!
No target in view!
A bat comes into view.
There is a stone staircase leading up here.
You climb upwards.
There is a stone staircase leading down here.
You open the door.
There is an open door here.
There is a staircase leading out of the dungeon here.
Are you sure you want to leave the Dungeon?
This will make you lose the game!
You have escaped!

.#.#####.#.......................
.#.# #.#.#####.#.##..####......
.#.#####.#.###.........##........
..........................#.#..#.
.#..........####'####.##..#.#..#.
....##......#.......#..........#.
.......#....#.8.8.8.#.##..#......
.....#.#....#.......#............
...###.##...+.8.@.8.+............
...###.##...#.......#............
............#.8.8.8.#.........>..
............#.......#.###.#...#..
...###.##...####'####.# #.#...#..
...................##.###.#...#..
.................................
..#.##.#....#####..##............
..#.##.#.........................


There were no monsters in sight!

Vanquished Creatures
  Grinder (D:3)
  A phantom (D:4)
  An ogre (D:4)
  A hound (D:4)
  An orc priest (D:4)
  An orc wizard (D:4)
  3 worker ants
  A howler monkey skeleton (D:5)
  9 adders
  2 oozes
  2 worms
  4 dart slugs
  3 leopard geckos (D:2)
  8 orcs
  3 bats
  2 giant cockroaches
  3 goblins
  8 hobgoblins
  10 jackals
  4 frilled lizards
  6 kobolds
  6 rats
80 creatures vanquished.

Vanquished Creatures (collateral kills)
  Prince Ribbit (D:5)
  A hippogriff (D:4)
  Sigmund (D:2)
  An ice beast (D:4)
  A hound skeleton (D:4)
  An ooze (D:4)
6 creatures vanquished.

Grand Total: 86 creatures vanquished

Notes
Turn   | Place    | Note
-------+----------+-------------------------------------------
     0 | D:1      | Alarkh the Demonspawn Monk began the quest for the Orb.
     0 | D:1      | Reached XP level 1. HP: 18/18 MP: 1/1
   231 | D:1      | Reached skill level 3 in Axes
   457 | D:1      | Gained mutation: You regenerate a little health from kills. [demonic ancestry]
   457 | D:1      | Reached XP level 2. HP: 18/24 MP: 2/2
  1000 | D:1      | HP: 1/24 [adder (5)]
  1003 | D:1      | Reached XP level 3. HP: 13/29 MP: 3/3
  1596 | D:2      | Noticed Sigmund
  2064 | D:2      | Gained mutation: You are partially covered in yellow scales. (AC +2) [demonic ancestry]
  2064 | D:2      | Reached XP level 4. HP: 21/35 MP: 4/4
  2961 | D:3      | Reached skill level 4 in Axes
  3033 | D:3      | Found a deep blue altar of Sif Muna.
  3592 | D:3      | Gained mutation: A weak demonic guardian rushes to your aid. [demonic ancestry]
  3592 | D:3      | Reached XP level 5. HP: 42/42 MP: 5/5
  3951 | D:3      | Noticed Grinder
  3955 | D:3      | Paralysed by Grinder for 7 turns
  3978 | D:3      | Paralysed by Grinder for 5 turns
  3987 | D:3      | Killed Grinder
  3987 | D:3      | Reached skill level 5 in Axes
  3987 | D:3      | Gained mutation: A demonic guardian rushes to your aid. [demonic ancestry]
  3987 | D:3      | Reached XP level 6. HP: 19/48 MP: 6/6
  4361 | D:2      | Killed Sigmund
  4361 | D:2      | Reached skill level 6 in Axes
  4607 | D:4      | Found an ornate altar of the Wu Jian Council.
  4792 | D:4      | Noticed an ice beast
  4799 | D:4      | Killed an ice beast
  4799 | D:4      | Reached XP level 7. HP: 38/53 MP: 7/7
  4882 | D:4      | Noticed a hippogriff
  4895 | D:4      | Killed a hippogriff
  4895 | D:4      | Reached skill level 7 in Axes
  5071 | D:4      | Found a white marble altar of Elyvilon.
  5150 | D:4      | HP: 2/53 [orc wizard/dagger (5)]
  5792 | D:4      | Reached skill level 8 in Axes
  5876 | D:5      | Entered Level 5 of the Dungeon
  5876 | D:5      | Noticed Prince Ribbit
  5884 | D:5      | Killed Prince Ribbit
  5884 | D:5      | Gained mutation: You regenerate health from kills. [demonic ancestry]
  5884 | D:5      | Reached XP level 8. HP: 28/60 MP: 8/8
  6067 | D:$      | Got out of the dungeon alive.

Vault maps used:
D:1:      doesnt_arrival_eight_statues
D:2:      minmay_misc_feat_room, uniq_sigmund
D:3:      nicolae_overflow_crystal_walls, uniq_grinder
D:4:      elyvilon_altar_1, lemuel_crystal_altar, first_bread
D:5:      kennysheep_mini, minmay_temple_entry_statues_fountains, basic_altar,
          uniq_eustachio, uniq_menkaure, uniq_prince_ribbit1, uniq_pikel

Skill      XL: |  1  2  3  4  5  6  7 |
---------------+----------------------+-----
Axes           | 3 4 5 6 8 |  8.5
Dodging        | 3 |  3.4
Fighting       | |  3.8
Stealth        | |  1.7

Action                   |  1- 3 |  4- 6 |  7- 9 || total
-------------------------+-------+-------+-------++-------
Melee: Hand axe          |   114 |   204 |   118 ||   436
  Use: Potion            |     2 |     6 |     2 ||    10
       Scroll            |     3 |     2 |     1 ||     6
 Stab: Sleeping          |     1 |     3 |     2 ||     6
       Invisible         |       |     4 |       ||     4
       Distracted        |       |     2 |       ||     2
  Eat: Chunk             |     4 |     6 |     1 ||    11
       Meat ration       |       |     1 |       ||     1
Armor: Robe              |    22 |    41 |     8 ||    71
       Skin              |     8 |       |       ||     8
       Leather armour    |       |       |    13 ||    13
Dodge: Dodged            |    86 |   142 |    91 ||   319
